 Dungeon Crawl Stone Soup version 0.29-a0-886-gfb1a3fa8b1 (webtiles) character file.

Game seed: 18173259350214142177

69 BritishOli the Ducker (level 4, 0/30 HPs)
             Began as a Demonspawn Gladiator on July 21, 2022.
             Was a Follower of Hepliaklqana.
             Succumbed to an adder's poison
             ... on level 2 of the Dungeon.
             The game lasted 00:01:44 (1333 turns).

BritishOli the Ducker (Demonspawn Gladiator)        Turns: 1333, Time: 00:01:45

Health: 0/30       AC:  4    Str: 16    XL:     4   Next: 2%
Magic:  4/4        EV: 12    Int:  9    God:    Hepliaklqana [*.....]
Gold:   132        SH:  0    Dex: 15    Spells: 3/3 levels left

rFire   . . .      SeeInvis .   a - +0 long sword
rCold   . . .      Faith    .   (no shield)
rNeg    . . .      Spirit   .   b - +0 leather armour
rPois   .          Reflect  .   c - +0 helmet
rElec   .          Harm     .   (no cloak)
rCorr   .          Rampage  .   (no gloves)
Will    .....                   (no boots)
Stlth   +.........              (no amulet)
HPRegen 0.10/turn               (no ring)
MPRegen 0.09/turn               (no ring)

@: lethally poisoned (0 -> -2)
A: reduced essence, spiny 1
a: Renounce Religion, Recall Ancestor, Ancestor Identity


You were on level 2 of the Dungeon.
You worshipped Hepliaklqana.
Hepliaklqana was aware of your devotion.
You visited 1 branch of the dungeon, and saw 2 of its levels.

You collected 132 gold pieces.

Inventory:

Hand Weapons
 a - a +0 long sword (weapon)
Missiles
 d - 3 throwing nets (quivered)
 e - a javelin
Armour
 b - a +0 leather armour (worn)
 c - a +0 helmet (worn)
Jewellery
 h - a ring of ice
Scrolls
 f - a scroll of brand weapon {unknown}
 g - 2 scrolls of magic mapping {unknown}
 i - a scroll of identify {unknown}


   Skills:
 + Level 2.9 Fighting
 + Level 3.3 Long Blades
 - Level 2.0 Throwing
 + Level 3.3 Dodging


You had 3 spell levels left.
You didn't know any spells.
Your spell library contained the following spells:

 Spells                   Type           Power      Damage    Failure   Level
 Summon Small Mammal      Summ           0%         N/A       45%         1
 Ensorcelled Hibernation  Hex/Ice        0%         N/A       58%         2
 Call Canine Familiar     Summ           0%         N/A       83%         3
 Spider Form              Tmut/Pois      0%         N/A       83%         3
 Summon Guardian Golem    Hex/Summ       0%         N/A       83%         3
 Anguish                  Hex/Necr       0%         N/A       99%         4


Dungeon Overview and Level Annotations

Branches:
Dungeon (2/15)

Altars:
Hepliaklqana

Annotations:
D:2 Natasha


Innate Abilities, Weirdness & Mutations

Your life essence is reduced to manifest your ancestor. (-10% HP)
You are partially covered in sharp spines.


Message History

The adder bites you.
You are poisoned.
The adder poisons you! The endoplasm is struck by your spines.
The endoplasm barely misses you.
The goblin shoots a sling bullet.
The sling bullet hits you. Æðelind hits the endoplasm.
The endoplasm dies!
You are too injured to fight recklessly!
Unknown command.
You are too injured to fight recklessly!
Unknown command.
Unknown command.
You are too injured to fight recklessly!
There are monsters nearby!
You are too injured to fight recklessly!
There are monsters nearby!
You barely miss the adder.
The adder is almost dead.
You feel sick. The adder is struck by your spines.
You kill the adder!
The goblin shoots a sling bullet.
The sling bullet barely misses you. Æðelind hits the dart slug.
You feel sick. The dart slug bites you.
* * * LOW HITPOINT WARNING * * *
Æðelind hits the dart slug.
The goblin shoots a sling bullet.
The sling bullet barely misses you.
You see here an adder corpse.
You slash the dart slug!
You kill the dart slug!
* * * LOW HITPOINT WARNING * * *
You feel sick.
The goblin shoots a sling bullet.
The sling bullet closely misses you.
You hear an angry hiss.
You have reached level 4!
You feel agile. Æðelind remembers more of their old skill.
You swap places.
You feel sick.
The goblin shoots a sling bullet.
The sling bullet hits you.
* * * LOW HITPOINT WARNING * * *
Natasha, Servant of Life and Death comes into view.
You die...

# ........ #h ##........
.g####...>..... .
............. .
#........... #..########
#.R#.......
##........####..†......#
#########......#.......#
# ##........@####... ##
###..#####..## .
†####...## #..>..
..##..### ##.....
#.##.## ..#### #....#
.## ..###### #.
......... #. ..#######


You could see the friendly Æðelind the ancestor.

Vanquished Creatures
  Natasha (D:2)
  2 adders (D:2)
  2 dart slugs
  4 ball pythons
  A bat (D:1)
  2 endoplasms (D:1)
  A goblin (D:1)
  A hobgoblin (D:1)
  2 kobolds (D:1)
  2 quokkas
  2 frilled lizards (D:1)
  2 rats (D:1)
22 creatures vanquished.

Vanquished Creatures (collateral kills)
  An endoplasm (D:2)
1 creature vanquished.

Vanquished Creatures (others)
  An ancestor (D:2)
1 creature vanquished.

Grand Total: 24 creatures vanquished

Notes
Turn   | Place    | Note
-------+----------+-------------------------------------------
     0 | D:1      | BritishOli the Demonspawn Gladiator began the quest for the
                  | Orb.
     0 | D:1      | Reached XP level 1. HP: 16/16 MP: 1/1
   182 | D:1      | Gained mutation: You are partially covered in sharp spines.
                  | [demonic ancestry]
   182 | D:1      | Reached XP level 2. HP: 22/22 MP: 2/2
   488 | D:1      | Found a faded altar of an unknown god.
   628 | D:1      | Prayed at the altar of an unknown god.
   628 | D:1      | Became a worshipper of Hepliaklqana the Forgotten
   628 | D:1      | Reached * piety under Hepliaklqana
   777 | D:2      | Noticed Natasha
   784 | D:2      | Noticed a crimson imp
   790 | D:2      | Noticed a crimson imp
   790 | D:2      | Killed Natasha
   791 | D:2      | Reached XP level 3. HP: 5/25 MP: 3/3
  1332 | D:2      | Reached XP level 4. HP: 5/30 MP: 4/4
  1332 | D:2      | HP: 1/30 [goblin/sling bullet (3)]
  1332 | D:2      | Noticed Natasha
  1333 | D:2      | Succumbed to an adder's poison

Illustrated notes

Levels and vault maps discovered:
D:1:      minmay_arrival_hallway, layout_loops_ring,
          ebering_ecumenical_altar_rust
D:2:      layout_rooms, dreamdust_wishing_well, uniq_natasha

Skill      XL: |  1  2 |
---------------+-------+-----
Throwing       | 2 |  2.0
Dodging        | 3 |  3.3
Long Blades    | 3 |  3.3
Fighting       | |  2.9

Action                   |  1- 3 |  4- 6 || total
-------------------------+-------+-------++-------
Melee: Long sword        |    43 |       ||    43
 Stab: Sleeping          |     2 |       ||     2
Armor: Leather armour    |     8 |       ||     8
Dodge: Dodged            |    30 |       ||    30

Table legend: (Time is in decaauts)
 A = Elapsed time spent in this place.
 B = Non-inter-level travel time spent in this place.
 C = Inter-level travel time spent in this place.
 D = Time resting spent in this place.
 E = Time spent auto-exploring this place.
 F = Levels seen in this place.
 G = Mean time per level.
                   A        B        C        D        E       F      G
               +--------+--------+--------+--------+--------+-----+--------+
         Total |   1344 |   1277 |     67 |    100 |   1019 |   2 |  672.0 |
       Dungeon |   1344 |   1277 |     67 |    100 |   1019 |   2 |  672.0 |
               +--------+--------+--------+--------+--------+-----+--------+

Top non-repeatable levels by time:
     D:1: 780 daAuts
     D:2: 563 daAuts
